 Dungeon Crawl Stone Soup version 0.27.1-4-g1640c2035a (webtiles) character file.

Game seed: 9884646578821977201

17247 bearlyready the Basher (level 12, -3/130 HPs)
             Began as an Ogre Berserker on Nov 11, 2021.
             Was a High Priest of Trog.
             Killed from afar by a molten gargoyle (18 damage)
             ... with a bolt of magma
             ... on level 11 of the Dungeon.
             The game lasted 00:32:26 (11076 turns).

bearlyready the Basher (Ogre Berserker)            Turns: 11076, Time: 00:32:27

Health: -3/130     AC: 10    Str: 28    XL:     12   Next: 46%
Magic:  12/12      EV: 10    Int:  8    God:    Trog [*****.]
Gold:   440        SH:  0    Dex:  8    Spells: 11/11 levels left

rFire    . . .     SeeInvis .   S - +2 giant club of Anguish {vorpal, rC+}
rCold    + . .     Faith    .   (shield currently unavailable)
rNeg     . . .     Spirit   .   P - +2 robe of Vines {NoPotionHeal Regen+++}
rPois    .         Reflect  .   (helmet restricted)
rElec    .         Harm     .   T - +0 cloak
rCorr    .         Rampage  .   (gloves unavailable)
Will     +....                  (boots unavailable)
Stlth    +.........             l - amulet of regeneration
HPRegen  4.31/turn              U - +4 ring of protection
MPRegen  0.13/turn              (no ring)

@: no status effects
A: large, unfitting armour, tough skin 1
a: Renounce Religion, Berserk, Trog's Hand, Brothers in Arms


You were on level 11 of the Dungeon.
You worshipped Trog.
Trog was extremely pleased with you.
You visited 1 branch of the dungeon, and saw 11 of its levels.

You collected 825 gold pieces.
You spent 385 gold pieces at shops.

Inventory:

Hand Weapons
 a - a +0 mace
 f - a +0 flail
 j - a +0 giant spiked club
 n - a +5 flail
 o - a +5 dire flail
 s - a +0 giant spiked club
 S - the +2 giant club of Anguish (weapon) {vorpal, rC+}
   (Trog gifted it to you on level 7 of the Dungeon)

   It inflicts extra damage upon your enemies.
   rC:        It protects you from cold.
Missiles
 c - 357 stones
 y - 2 boomerangs
 M - 12 poisoned darts (quivered)
 N - 4 curare-tipped darts
 O - 6 silver boomerangs
 Q - 4 throwing nets
 R - 2 javelins
 V - 5 large rocks
Armour
 b - a +0 animal skin
 E - a +0 troll leather armour
 P - the +2 robe of Vines (worn) {NoPotionHeal Regen+++}
   (You found it on level 7 of the Dungeon)

   Its wearer cannot be healed by potions.
   Regen:     It increases your rate of health regeneration.
 T - a +0 cloak (worn)
Jewellery
 d - a ring of ice
 l - an amulet of regeneration (around neck)
 U - a +4 ring of protection (left hand)
Wands
 v - a wand of iceblast (7)
 x - a wand of polymorph (13)
 C - a wand of acid (1)
 H - a wand of flame (12)
 K - a wand of digging (2)
Scrolls
 g - 3 scrolls of immolation
 h - 3 scrolls of teleportation
 i - a scroll of enchant weapon {unknown}
 m - 2 scrolls of vulnerability
 p - 4 scrolls of enchant armour
 q - 2 scrolls of amnesia
 t - 4 scrolls of fog
 G - 3 scrolls of magic mapping
 I - a scroll of noise {unknown}
 J - 4 scrolls of identify
 W - a scroll of blinking {unknown}
Potions
 e - 2 potions of cancellation
 k - 3 potions of mutation {unknown}
 r - 5 potions of heal wounds
 u - a potion of might {unknown}
 w - a potion of attraction
 z - 5 potions of curing
 A - a potion of haste {unknown}
 B - a potion of lignification {unknown}
 D - 2 potions of resistance
 L - a potion of brilliance {unknown}


   Skills:
 + Level 11.3 Fighting
 + Level 13.0 Maces & Flails
 + Level 8.2 Throwing
 - Level 2.6 Dodging
 + Level 6.9 Evocations


You had 11 spell levels left.
You didn't know any spells.
Your spell library was empty.

Dungeon Overview and Level Annotations

Branches:
Dungeon (11/15)            Temple (0/1) D:5            Lair (0/6) D:11
    Orc: D:9-12

Altars:
Ashenzari
Gozag
Hepliaklqana
Kikubaaqudgha
Okawaru
Ru
Uskayaw
Wu Jian
Xom
Yredelemnul
Zin
The Shining One

Shops:
D:3 ?   D:6 *


Innate Abilities, Weirdness & Mutations

You are too large for most types of armour.
You have tough skin. (AC +1)


Message History

The bolt of magma hits you!!!
Okay, then.
You barely miss the molten gargoyle.
The molten gargoyle hits you with a +0 morningstar!!
You are engulfed in flames!
Your troll goes berserk!
The molten gargoyle misses you.
You barely miss the molten gargoyle.
The two-headed ogre closely misses your troll.
The two-headed ogre hits your troll with a +0 giant club!!
The molten gargoyle hits you with a +0 morningstar.
You are engulfed in flames!
Your troll barely misses the two-headed ogre.
Your troll claws the two-headed ogre!
Your troll claws the two-headed ogre!!
The molten gargoyle blasts magma at you!
The bolt of magma hits the molten gargoyle.
The molten gargoyle partially resists.
The bolt of magma hits you!!
* * * LOW HITPOINT WARNING * * *
You hear an angry hiss.
As you read the scroll of fear, it crumbles to dust.
You assume a fearsome visage.
The molten gargoyle is unaffected. x2
The two-headed ogre looks frightened!
The molten gargoyle closely misses you.
The molten gargoyle blasts magma at you!
The bolt of magma hits the molten gargoyle!
The molten gargoyle partially resists.
The bolt of magma misses you.
Your troll rages.
Okay, then.
You catch the helpless molten gargoyle completely off-guard!
You hit the molten gargoyle.
The molten gargoyle is severely damaged.
The molten gargoyle blasts magma at you!
The bolt of magma hits you!!
* * * LOW HITPOINT WARNING * * *
The molten gargoyle blasts magma at you!
The bolt of magma hits your troll!!
The bolt of magma hits the molten gargoyle!
The molten gargoyle partially resists.
The molten gargoyle is destroyed!
The bolt of magma hits you!!
You die...

###.........# #.. .§ #..
............# #.#. ≈≈≈
#.. ............####..#
≈≈≈≈ #..
.................#.≈≈≈88
#..
..................#9≈≈88
#..
.................#T≈≈≈≈≈
#..
#######'##....##..#.≈§≈≈
#..
#.....#....##)#..§≈§.
#.. #.....#....##@.# #..
+.....#....##.#.# ###
#.....#....##.#.O.
#.....#.......# ....
#.....######### .....
#.....# .... ....


You could see a two-headed ogre (fleeing), a molten gargoyle (ally target) and a
friendly troll (summoned, berserk).

Vanquished Creatures
  A hydra (D:7)
  Harold (D:7)
  3 two-headed ogres
  A dancing weapon (D:6)
  The ghost of Arandomuser the Cleaver, a novice MiBe of Trog (D:7)
  A deep elf pyromancer (D:7)
  The ghost of zeram the Ducker, a novice TrSu of Gozag (D:6)
  An ugly thing (D:11)
  A gargoyle (D:10)
  A komodo dragon (D:11)
  3 trolls
  4 slime creatures
  A shadow (D:10)
  A wraith (D:11)
  A wyvern (D:11)
  10 yaks
  4 basilisks (D:11)
  5 humans (D:8)
  A steam dragon (D:11)
  4 vampire mosquitoes (D:11)
  Menkaure (D:7)
  4 acid dragons
  2 water moccasins
  Duvessa (D:7)
  3 sky beasts
  An ice beast (D:5)
  An orc warrior (D:10)
  4 black bears
  A hornet zombie (D:8)
  An ogre (D:5)
  2 centaurs
  A phantom (D:6)
  5 bullfrogs
  A wyvern zombie (D:7)
  A kobold brigand (D:10)
  Dowan (D:7)
  4 scorpions
  A water moccasin zombie (D:5)
  2 wyvern skeletons (D:7)
  12 killer bees
  4 wights (D:4)
  6 electric eels
  4 howler monkeys (D:7)
  3 centaur zombies
  A spectral centaur (D:7)
  5 hounds
  4 jellies
  2 bullfrog zombies
  A gnoll shaman (D:9)
  2 centaur skeletons
  5 orc priests
  Crazy Yiuf (D:2)
  A bullfrog skeleton (D:6)
  3 iguanas
  3 orc wizards
  A scorpion zombie (D:5)
  Natasha (thrice) (D:2)
  Terence (D:2)
  3 killer bee zombies
  A centaur simulacrum (D:7)
  2 howler monkey zombies (D:9)
  6 gnolls
  3 howler monkey skeletons
  An adder (D:5)
  A howler monkey simulacrum (D:8)
  6 white imps
  3 ufetubi
  An adder skeleton (D:5)
  5 worms
  2 dart slugs
  36 orcs
  6 ball pythons
  4 bats
  2 endoplasms (D:3)
  2 giant cockroaches (D:4)
  5 goblins
  5 hobgoblins
  4 jackals (D:4)
  11 kobolds
  A quokka (D:2)
  6 frilled lizards
  A rat (D:1)
262 creatures vanquished.

Vanquished Creatures (others)
  A molten gargoyle (D:11)
  An orc (D:4)
  8 plants (D:7)
10 creatures vanquished.

Grand Total: 272 creatures vanquished

Notes
Turn   | Place    | Note
-------+----------+-------------------------------------------
     0 | D:1      | bearlyready the Ogre Berserker began the quest for the Orb.
     0 | D:1      | Reached XP level 1. HP: 24/24 MP: 1/1
   200 | D:1      | Reached skill level 3 in Maces & Flails
   279 | D:1      | Found a faded altar of an unknown god.
   330 | D:1      | Reached XP level 2. HP: 31/32 MP: 2/2
  1094 | D:2      | Noticed Natasha
  1173 | D:2      | Killed Natasha
  1174 | D:2      | Reached skill level 4 in Maces & Flails
  1174 | D:2      | Reached XP level 3. HP: 39/39 MP: 3/3
  1358 | D:2      | Noticed Terence
  1367 | D:2      | Killed Terence
  1368 | D:2      | Reached XP level 4. HP: 48/48 MP: 4/4
  1573 | D:2      | Noticed Natasha
  1582 | D:2      | Killed Natasha
  1686 | D:2      | Noticed Natasha
  1702 | D:2      | Killed Natasha
  1703 | D:2      | Reached skill level 5 in Maces & Flails
  1703 | D:2      | Reached XP level 5. HP: 54/54 MP: 5/5
  1819 | D:2      | Found a runed translucent door.
  1820 | D:2      | Noticed Crazy Yiuf
  1909 | D:2      | Reached ** piety under Trog
  2450 | D:3      | Found Ezushry's Magic Scroll Emporium.
  2523 | D:3      | Bought a scroll of teleportation for 33 gold pieces
  3336 | D:4      | Reached skill level 6 in Maces & Flails
  3336 | D:4      | Reached XP level 6. HP: 62/62 MP: 6/6
  3621 | D:4      | Found an ornate altar of the Wu Jian Council.
  3628 | D:4      | Noticed a spectral centipede
  3628 | D:4      | Noticed a spectral black mamba
  3628 | D:4      | Noticed a spectral cane toad
  3781 | D:4      | Reached skill level 7 in Maces & Flails
  3781 | D:4      | Reached XP level 7. HP: 38/69 MP: 7/7
  4028 | D:4      | Reached *** piety under Trog
  4119 | D:5      | Entered Level 5 of the Dungeon
  4181 | D:5      | Found a staircase to the Ecumenical Temple.
  4211 | D:5      | Reached skill level 8 in Maces & Flails
  4336 | D:5      | Reached XP level 8. HP: 76/78 MP: 8/8
  4369 | D:5      | Reached skill level 9 in Maces & Flails
  4653 | D:5      | Reached skill level 10 in Maces & Flails
  4944 | D:5      | Found an ancient bone altar of Kikubaaqudgha.
  5122 | D:6      | Reached XP level 9. HP: 84/84 MP: 9/9
  5133 | D:6      | Reached skill level 11 in Maces & Flails
  5264 | D:6      | Found a glowing silver altar of Zin.
  5269 | D:6      | Found a runed translucent door.
  5269 | D:6      | Found a shimmering altar of Xom.
  5269 | D:6      | Noticed zeram's ghost (novice TrSu)
  5269 | D:6      | Noticed a +2 quarterstaff of chaos
  5275 | D:6      | Noticed an angel
  5277 | D:6      | Found a shimmering altar of Xom.
  5325 | D:6      | Noticed a troll
  5332 | D:6      | Killed a troll
  5446 | D:6      | Found Danuv Zaquh's General Store.
  5449 | D:6      | Bought a scroll of enchant armour for 90 gold pieces
  5449 | D:6      | Bought a potion of heal wounds for 60 gold pieces
  5535 | D:4      | Reached **** piety under Trog
  5590 | D:3      | Bought a scroll of enchant armour for 82 gold pieces
  5590 | D:3      | Bought a scroll of fear for 38 gold pieces
  5590 | D:3      | Bought a scroll of fog for 22 gold pieces
  5590 | D:3      | Bought a scroll of identify for 22 gold pieces
  5590 | D:3      | Bought a scroll of magic mapping for 38 gold pieces
  5782 | D:6      | Found an iron altar of Okawaru.
  5794 | D:6      | Found a glowing golden altar of the Shining One.
  6145 | D:7      | Noticed Menkaure
  6169 | D:7      | Reached skill level 1 in Throwing
  6178 | D:7      | Killed Menkaure
  6179 | D:7      | Reached skill level 1 in Evocations
  6270 | D:7      | Noticed Dowan
  6284 | D:7      | Noticed Duvessa
  6292 | D:7      | Killed Duvessa
  6293 | D:7      | Reached skill level 5 in Fighting
  6295 | D:7      | Killed Dowan
  6367 | D:7      | Noticed a five-headed hydra
  6438 | D:8      | Reached XP level 10. HP: 98/98 MP: 10/10
  6541 | D:8      | Found a broken altar of Ashenzari.
  6603 | D:8      | Found an opulent altar of Gozag.
  6633 | D:8      | Found a basalt altar of Yredelemnul.
  6711 | D:8      | Found a hide-covered altar of Uskayaw.
  7173 | D:9      | Reached ***** piety under Trog
  7211 | D:9      | Noticed a two-headed ogre
  7268 | D:9      | Killed a two-headed ogre
  7269 | D:9      | Reached skill level 5 in Throwing
  7299 | D:9      | Reached skill level 12 in Maces & Flails
  7303 | D:9      | Reached XP level 11. HP: 113/113 MP: 11/11
  7452 | D:9      | Noticed a great orb of eyes
  7452 | D:9      | a large slime creature changed into a great orb of eyes
  7674 | D:9      | Found a hazy altar of Hepliaklqana.
  7780 | D:10     | Entered Level 10 of the Dungeon
  7910 | D:10     | Reached skill level 5 in Evocations
  8107 | D:10     | Found a sacrificial altar of Ru.
  8712 | D:7      | Found the +2 robe of Vines {NoPotionHeal Regen+++}
  8731 | D:7      | Killed a five-headed hydra
  8763 | D:7      | Found a runed translucent gate.
  8763 | D:7      | Found a runed translucent gate.
  8763 | D:7      | Found a runed translucent gate.
  8768 | D:7      | Noticed Arandomuser's ghost (novice MiBe)
  8939 | D:7      | Noticed Harold
  8951 | D:7      | Killed Harold
  8978 | D:7      | Identified the +2 giant club of Anguish {vorpal, rC+} (Trog
                  | gifted it to you on level 7 of the Dungeon)
  8978 | D:7      | Received a gift from Trog
  8980 | D:7      | Noticed a two-headed ogre
  9025 | D:7      | Killed a two-headed ogre
  9026 | D:7      | Reached skill level 10 in Fighting
  9050 | D:7      | Noticed a deep elf pyromancer
  9085 | D:7      | Killed a deep elf pyromancer
  9841 | D:2      | Killed Crazy Yiuf
 10031 | D:6      | Killed a +2 quarterstaff of chaos
 10040 | D:6      | Killed zeram's ghost
 10041 | D:6      | Reached XP level 12. HP: 127/127 MP: 12/12
 10185 | D:7      | Killed Arandomuser's ghost
 10542 | D:11     | Noticed a two-headed ogre
 10563 | D:11     | Killed a two-headed ogre
 10870 | D:11     | Reached skill level 13 in Maces & Flails
 10930 | D:11     | Found a staircase to the Lair.
 11069 | D:11     | Noticed a two-headed ogre
 11076 | D:11     | Killed from afar by a molten gargoyle

Illustrated notes

Levels and vault maps discovered:
D:1:      scummos_arrival_checkerplants, layout_basic,
          hellmonk_ecumenical_altar_leap_of_faith
D:2:      layout_basic, minmay_pentomino_z2, uniq_terence,
          uniq_crazy_yiuf_cottage, uniq_natasha
D:3:      layout_loops_ring, serial_shops, nicolae_diamond_shop,
          chequers_serial_rivers_large_b
D:4:      layout_cave_pools, pdpol_wu_jian_five_deadly_venoms
D:5:      minmay_bubble_buster, layout_basic, kennysheep_little_box,
          temple_fountains
D:6:      layout_basic, grunt_temple_overflow_order_and_chaos_1,
          lemuel_doored_altar, general_overflow_altar, ebering_ghost_xom,
          serial_shops, nicolae_shop_window_shopping, item_on_display_a
D:7:      nzn_winding_woodlands_cross [nzn_winding_woodlands_5x15_longhouse,
          nzn_winding_woodlands_5x15_twine,
          nzn_winding_woodlands_5x15_pathside_ponds,
          nzn_winding_woodlands_5x15_split_checker,
          nzn_winding_woodlands_15x15_eel_pit], layout_layer_cave,
          gammafunk_ghost_necromancy, hellmonk_guarded_unrand_vines,
          uniq_duvessa, uniq_menkaure, uniq_harold
D:8:      layout_gridville, kennysheep_mini_moat, ashenzari_conservatory_becter,
          mainiacjoe_overflow_catch_the_wave, serial_ice, serial_ice_a,
          serial_ice_c, serial_ice_k, serial_ice_o, minmay_ruffians
D:9:      layout_roguey, lemuel_crystal_altar, serial_curves, eino_curves_04,
          eino_curves_03
D:10:     layout_rooms, mainiacjoe_overflow_24_doors, uniq_maggie
D:11:     layout_stronghold, erik_lair_dragon, minivault_8

Skill      XL: |  1  2  3  4  5  6  7  8  9 10 11 12 |
---------------+-------------------------------------+-----
Maces & Flails | 3 4 5 6 7 8 10 11 12 13 | 13.0
Throwing       | 2 5 7 8 |  8.2
Evocations     | 2 4 6 |  6.9
Fighting       | 5 8 10 11 | 11.3
Dodging        | |  2.6

Action                   |  1- 3 |  4- 6 |  7- 9 | 10-12 || total
-------------------------+-------+-------+-------+-------++-------
Melee: Mace              |    76 |       |       |       ||    76
       Flail             |       |   140 |     7 |       ||   147
       Dire flail        |       |       |   221 |   295 ||   516
       Giant club        |       |       |       |   108 ||   108
Throw: Stone             |     3 |       |     5 |     5 ||    13
       Dart              |     2 |       |     3 |    45 ||    50
       Boomerang         |       |       |       |     1 ||     1
Invok: Berserk           |     2 |     5 |     7 |     8 ||    22
       Brothers in Arms  |       |       |       |     1 ||     1
Evoke: Wand              |       |       |       |    13 ||    13
  Use: Scroll            |       |       |     7 |     4 ||    11
 Stab: Distracted        |       |       |       |     1 ||     1
Armor: Animal skin       |    37 |    27 |    21 |       ||    85
       Troll leather arm |       |       |    22 |    50 ||    72
       Robe              |       |       |       |    45 ||    45
Dodge: Dodged            |    51 |    57 |    79 |   149 ||   336
